 Dungeon Crawl Stone Soup version 0.30-a0-368-g86fb4627a9 (webtiles) character file.

Game seed: 16307514512383162821

38849 JOEMAMA2 the Severer (level 13, -6/184 HPs)
             Began as a Minotaur Berserker on Nov 20, 2022.
             Was a High Priest of Trog.
             Mangled by an ice devil (21 damage)
             ... on level 13 of the Dungeon.
             The game lasted 00:38:53 (18570 turns).

JOEMAMA2 the Severer (Minotaur Berserker)          Turns: 18570, Time: 00:38:54

Health: -6/184     AC:  5    Str: 27    XL:     13   Next: 66%
Magic:  10/10      EV:  9    Int:  4    God:    Trog [*****.]
Gold:   218        SH:  0    Dex: 10    Spells: 12/12 levels left

rFire   + . .      SeeInvis .    h - +6 executioner's axe (flame)
rCold   . . .      Faith    .    (shield currently unavailable)
rNeg    . . .      Spirit   .    C - +2 plate armour {rF+}
rPois   .          Reflect  .    y - +2 hat
rElec   .          Harm     .    v - +2 cloak
rCorr   .          Rampage  .    q - +2 pair of gloves of Makhleb's Displeasure {Will+}
Will    +++..                    u - +0 pair of boots
Stlth   ..........               c - amulet of Veuloutt {Acrobat +Inv Will+}
HPRegen 0.50/turn                a - ring of willpower
MPRegen 0.12/turn                (no ring)

@: berserking, corroded, studying Long Blades, very quick
A: horns 2, retaliatory headbutt, low MP 1, mutation resistance 1, wild magic 1
a: Renounce Religion, Evoke Invisibility, Berserk, Trog's Hand, Brothers in Arms


You were on level 13 of the Dungeon.
You worshipped Trog.
Trog was extremely pleased with you.
You visited 3 branches of the dungeon, and saw 16 of its levels.

You collected 1014 gold pieces.
You spent 796 gold pieces at shops.

Inventory:

Hand Weapons
 h - a +6 executioner's axe of flaming (weapon)
Armour
 n - a +1 hat
 q - the +2 pair of gloves of Makhleb's Displeasure (worn) {Will+}
   (You found it on level 7 of the Dungeon)

   Will:      It increases your willpower.
 u - a +0 pair of boots (worn)
 v - a +2 cloak (worn)
 y - a +2 hat (worn)
 C - a +2 plate armour of fire resistance (worn)
Jewellery
 a - a ring of willpower (left hand)
 c - the amulet of Veuloutt (around neck) {Acrobat +Inv Will+}
   (You acquired it on level 5 of the Dungeon)

   [amulet of the acrobat]

   It increases your evasion while moving and waiting.
   +Inv:      It lets you turn invisible.
   Will:      It increases your willpower.
Wands
 w - a wand of iceblast (7)
Scrolls
 f - 4 scrolls of fear
 g - 3 scrolls of teleportation
 k - 11 scrolls of identify
 l - 4 scrolls of blinking
 m - 3 scrolls of magic mapping
 o - 2 scrolls of silence
 r - a scroll of summoning
 t - a scroll of amnesia
 z - a scroll of fog
 A - a scroll of enchant weapon
Potions
 b - 3 potions of ambrosia
 d - 5 potions of resistance
 e - 4 potions of cancellation
 i - a potion of berserk rage
 j - 3 potions of heal wounds
 p - 4 potions of might
 s - 2 potions of curing
 x - a potion of attraction {unknown}


   Skills:
 + Level 13.9 Fighting
 + Level 19.1 Axes
 + Level 14.9 Armour
 + Level 4.9 Dodging
 + Level 2.7 Stealth


You had 12 spell levels left.
You didn't know any spells.
Your spell library was empty.

Dungeon Overview and Level Annotations

Branches:
Dungeon (13/15)            Temple (0/1) D:6            Lair (2/5) D:10
 Shoals (1/4) Lair:2          Orc (0/2) D:12         Vaults (0/5) D:13
  Snake: Lair:2-3    Spider: Lair:2-3

Altars:
Cheibriados
Dithmenos
Fedhas
Hepliaklqana
Nemelex Xobeh
Sif Muna
Uskayaw
Yredelemnul
Zin
The Shining One

Shops:
D:3 =   D:5 [([[[   D:8 *   Shoals:1 (


Innate Abilities, Weirdness & Mutations

You have a pair of horns on your head.
You reflexively headbutt those who attack you in melee.
Your magical capacity is low. (-10% MP)
You are somewhat resistant to further mutation.
Your spells are a little harder to cast, but a little more powerful.


Message History

You hit the rust devil. You slash the acid dragon! You burn the acid dragon.
You kill the acid dragon!
Trog accepts your kill. The rust devil misses you.
The soul eater closely misses you.
You slash the soul eater! You burn the soul eater.
You kill the soul eater!
Trog accepts your kill.
You hit the chaos spawn but do no damage.
You slash the rust devil! The rust devil hits you! The rust devil corrodes you!
The chaos spawn hits you but does no damage.
You completely miss the ice devil. You completely miss the chaos spawn.
You hit the rust devil but do no damage.
The rust devil hits you. The rust devil corrodes you! The ice devil hits you!
The ice devil freezes you!! The chaos spawn hits you!
You slash the ice devil! You burn the ice devil. You headbutt the ice devil.
The ice devil is moderately wounded.
You slash the chaos spawn! You burn the chaos spawn.
You barely miss the rust devil. The rust devil hits you!
The rust devil corrodes you! The ice devil barely misses you.
The chaos spawn gores you!
* * * LOW HITPOINT WARNING * * *
You resist with almost no effort.
A red film seems to cover your vision as you go berserk!
You feel yourself moving faster!
You feel mighty! The rust devil hits you!
* * * LOW HITPOINT WARNING * * *
The rust devil corrodes you! The ice devil barely misses you.
You furiously retaliate!
You headbutt the ice devil. The chaos spawn hits you.
* * * LOW HITPOINT WARNING * * *
You closely miss the ice devil. Your headbutt misses the ice devil.
The ice devil is heavily wounded.
You barely miss the rust devil. You hit the chaos spawn.
You burn the chaos spawn. You hit the ice devil but do no damage.
The ice devil is heavily wounded.
You hit the chaos spawn but do no damage.
You barely miss the rust devil. The rust devil closely misses you.
The ice devil hits you!
* * * LOW HITPOINT WARNING * * *
The ice devil freezes you!!
You die...

#.# ..# ###'###
.## #.....# .
#.#.#.####
###+#####
#.#.#)'..##......[
# #.#.##..#.......
#.#.###.#.......
#.#.# #.#4....=.
#.#.# #.@4......
#.#.# ###4...P..
#.# ....... ###
..PP... .P...##
...### ####


You could see an ice devil, a rust devil and a chaos spawn.

Vanquished Creatures
  8 vault guards (D:13)
  Fannar (Lair:2)
  2 hydras
  2 centaur warriors
  A death knight (D:12)
  A two-headed ogre (D:11)
  A tengu warrior (D:13)
  A soul eater (D:13)
  A skeletal warrior (D:8)
  A sea snake (Shoals:1)
  A deep elf archer (D:12)
  A deep elf pyromancer (D:13)
  An ugly thing (D:8)
  A manticore (Shoals:1)
  A merfolk siren (Shoals:1)
  2 cyclopes
  A black mamba (Lair:2)
  2 rust devils (D:13)
  Maurice (D:10)
  5 cane toads
  A smoke demon (D:13)
  Maggie (Lair:2)
  An orange demon (Lair:2)
  3 kobold demonologists
  2 komodo dragons (Lair:2)
  2 unseen horrors
  An ice devil (D:13)
  2 hellwings (D:13)
  A tengu conjurer (D:13)
  3 trolls
  A merfolk (Shoals:1)
  A polar bear (Lair:2)
  A hornet (D:9)
  3 dream sheep (Shoals:1)
  3 slime creatures (D:13)
  2 snapping turtles (Shoals:1)
  A shadow (D:8)
  3 wraiths
  Sigmund (D:5)
  34 yaks
  A vampire (D:13)
  2 wyverns
  A chaos spawn (D:13)
  5 vampire mosquitoes
  A steam dragon (D:6)
  A basilisk (Lair:1)
  3 wargs (D:10)
  2 acid dragons
  10 water moccasins
  A black bear (D:5)
  5 orc warriors
  A sky beast (D:7)
  An ogre (D:6)
  2 centaurs
  5 phantoms
  10 kobold brigands
  Blork the orc (D:6)
  9 bullfrogs
  2 gnoll sergeants
  A necrophage (D:5)
  3 scorpions
  9 wights (D:8)
  15 killer bees
  11 howler monkeys
  2 electric eels (Lair:2)
  3 hounds
  15 orc priests
  2 gnoll boudas
  3 jellies
  Ijyb (D:3)
  Terence (D:2)
  An iguana (D:6)
  Natasha (thrice) (D:2)
  16 orc wizards
  6 hell rats (Lair:1)
  Robin (D:2)
  15 gnolls
  10 adders
  2 shadow imps
  A white imp (D:8)
  A worm (D:2)
  5 dart slugs
  40 orcs
  9 ball pythons
  7 endoplasms
  2 giant cockroaches
  18 goblins
  16 hobgoblins
  3 jackals (D:3)
  21 kobolds
  6 quokkas
  4 bats
  6 frilled lizards
  3 rats
427 creatures vanquished.

Vanquished Creatures (collateral kills)
  Amaemon (Lair:2)
  A cane toad (Lair:2)
  A bullfrog (Lair:2)
3 creatures vanquished.

Vanquished Creatures (others)
  A fungus (Lair:2)
  7 plants
  7 tentacles (Shoals:1)
15 creatures vanquished.

Grand Total: 445 creatures vanquished

Notes
Turn   | Place    | Note
-------+----------+-------------------------------------------
     0 | D:1      | JOEMAMA2 the Minotaur Berserker began the quest for the
                  | Orb.
     0 | D:1      | Reached XP level 1. HP: 19/19 MP: 0/0
   189 | D:1      | Reached XP level 2. HP: 27/27 MP: 1/1
   228 | D:1      | Reached skill level 4 in Axes
   422 | D:1      | Reached XP level 3. HP: 33/33 MP: 2/2
   775 | D:2      | Noticed Terence
   784 | D:2      | Killed Terence
   785 | D:2      | Reached skill level 5 in Axes
   785 | D:2      | Reached XP level 4. HP: 32/41 MP: 3/3
   785 | D:2      | Reached ** piety under Trog
   986 | D:2      | Noticed Robin
  1000 | D:2      | Killed Robin
  1243 | D:2      | Noticed Natasha
  1253 | D:2      | Killed Natasha
  1254 | D:2      | Reached XP level 5. HP: 33/47 MP: 4/4
  1354 | D:2      | Noticed Natasha
  1361 | D:2      | Killed Natasha
  1392 | D:2      | Identified the +9 hand axe of Rooc {vorpal, Fly rF+}
  1414 | D:2      | Noticed Natasha
  1425 | D:2      | Killed Natasha
  1635 | D:3      | Found Xientest's Jewellery Shoppe.
  1647 | D:3      | Noticed Ijyb
  1653 | D:3      | Reached skill level 6 in Axes
  1655 | D:3      | Killed Ijyb
  1793 | D:3      | Reached *** piety under Trog
  1794 | D:3      | Reached XP level 6. HP: 55/55 MP: 5/5
  1834 | D:3      | Found a shimmering blue altar of Sif Muna.
  1863 | D:3      | Reached skill level 5 in Fighting
  2705 | D:4      | Reached skill level 5 in Armour
  2705 | D:4      | Reached XP level 7. HP: 22/61 MP: 6/6
  2761 | D:4      | Reached skill level 7 in Axes
  3501 | D:5      | Entered Level 5 of the Dungeon
  3510 | D:5      | Found Nodwy's Armour Emporium.
  3511 | D:5      | Found Plog's Antique Armour Emporium.
  3511 | D:5      | Found Dodum's Antique Armour Emporium.
  3514 | D:5      | Found Memeacev's Armour Emporium.
  3565 | D:5      | Found a shadowy altar of Dithmenos.
  3565 | D:5      | Noticed a shadow
  3569 | D:5      | Found a hazy altar of Hepliaklqana.
  3750 | D:5      | Reached skill level 8 in Axes
  3792 | D:5      | Noticed a troll
  3805 | D:5      | Reached XP level 8. HP: 57/70 MP: 7/7
  3827 | D:5      | Killed a troll
  3828 | D:5      | Reached skill level 1 in Stealth
  3971 | D:5      | Found Turhaat's Weapon Boutique.
  3977 | D:5      | Noticed Sigmund
  3986 | D:5      | Killed Sigmund
  4317 | D:5      | Reached skill level 9 in Axes
  4422 | D:5      | Gained mutation: Your magical capacity is low. (-10% MP)
                  | [potion of mutation]
  4422 | D:5      | Gained mutation: You are somewhat resistant to further
                  | mutation. [potion of mutation]
  4422 | D:5      | Gained mutation: Your spells are a little harder to cast,
                  | but a little more powerful. [potion of mutation]
  5032 | D:6      | Reached XP level 9. HP: 68/78 MP: 7/7
  5035 | D:6      | Noticed Blork the orc
  5039 | D:6      | Killed Blork the orc
  5039 | D:6      | Reached **** piety under Trog
  5044 | D:6      | Found a staircase to the Ecumenical Temple.
  5597 | D:7      | Reached skill level 10 in Axes
  6197 | D:7      | Identified the +1 leather armour "Ereorph" {Stlth+}
  6212 | D:7      | Identified the +2 pair of gloves of Makhleb's Displeasure
                  | {Will+}
  6398 | D:7      | Found a glowing silver altar of Zin.
  6405 | D:7      | Found a sparkling altar of Nemelex Xobeh.
  6410 | D:7      | Found a hide-covered altar of Uskayaw.
  6417 | D:7      | Found a snail-covered altar of Cheibriados.
  6423 | D:7      | Found a blossoming altar of Fedhas.
  6434 | D:7      | Found a glowing golden altar of the Shining One.
  6442 | D:7      | Found a basalt altar of Yredelemnul.
  6696 | D:8      | Reached skill level 11 in Axes
  6793 | D:8      | HP: 3/80 [killer bee (5)]
  7282 | D:8      | Reached skill level 10 in Armour
  7329 | D:8      | Noticed a skeletal warrior
  7358 | D:8      | Reached XP level 10. HP: 16/90 MP: 8/8
  7480 | D:8      | Killed a skeletal warrior
  7745 | D:8      | Reached skill level 12 in Axes
  7831 | D:8      | Found Omiatee's General Store.
  7832 | D:8      | Identified the +4 arbalest of Jocular Responsibility
                  | {antimagic, rPois Dex+2 Stlth+}
  8079 | D:8      | Noticed a green ugly thing
  8087 | D:8      | Killed a green ugly thing
  8618 | D:9      | Reached ***** piety under Trog
  9244 | D:9      | Reached skill level 13 in Axes
  9649 | D:10     | Entered Level 10 of the Dungeon
  9649 | D:10     | Found a staircase to the Lair.
  9659 | D:10     | Reached XP level 11. HP: 99/99 MP: 8/8
  9672 | D:10     | Received a gift from Trog
  9681 | D:10     | Reached skill level 10 in Fighting
  9697 | D:10     | Noticed Maurice
  9713 | D:10     | Killed Maurice
 10368 | D:10     | Reached skill level 14 in Axes
 10842 | Lair:1   | Entered Level 1 of the Lair of Beasts
 11091 | Lair:1   | Reached skill level 15 in Axes
 11769 | Lair:2   | Noticed a four-headed hydra
 11776 | Lair:2   | Killed a two-headed hydra
 11777 | Lair:2   | Noticed Fannar
 11782 | Lair:2   | Noticed Amaemon
 11786 | Lair:2   | Killed Fannar
 11787 | Lair:2   | Reached XP level 12. HP: 110/110 MP: 9/9
 11798 | Lair:2   | Killed Amaemon
 11800 | Lair:2   | Reached skill level 16 in Axes
 12259 | Lair:2   | Found a staircase to the Shoals.
 13009 | Lair:2   | Noticed Maggie
 13020 | Lair:2   | Killed Maggie
 13480 | Shoals:1 | Entered Level 1 of the Shoals
 13502 | Shoals:1 | Found Nifaluopp's Antique Weapon Emporium.
 14208 | Shoals:1 | Noticed a kraken
 14482 | D:3      | Found Xientest's Jewellery Shoppe.
 14547 | D:5      | Bought an embroidered hat for 196 gold pieces
 14671 | D:11     | Noticed a two-headed ogre
 14674 | D:11     | Killed a two-headed ogre
 14689 | D:11     | Reached skill level 17 in Axes
 15797 | D:12     | Found a staircase to the Orcish Mines.
 15811 | D:12     | Received a gift from Trog
 16560 | D:12     | Reached XP level 13. HP: 96/122 MP: 10/10
 17034 | D:5      | Bought a +2 plate armour of fire resistance for 600 gold
                  | pieces
 17050 | D:5      | Identified a scroll of acquirement
 17053 | D:5      | Acquired the amulet of Veuloutt {Acrobat +Inv Will+}
 17427 | D:13     | Reached skill level 18 in Axes
 17495 | D:13     | Found a gate to the Vaults.
 18231 | D:13     | Reached skill level 19 in Axes
 18570 | D:13     | Mangled by an ice devil

Illustrated notes

Levels and vault maps discovered:
D:1:      mrwooster_arrival_arrow, layout_basic, serial_bayou_pond_a,
          serial_park_tiny_2, chequers_serial_rivers_large_b,
          minmay_fountain_box
D:2:      layout_rooms, kennysheep_nondescript, uniq_terence, uniq_natasha,
          uniq_robin
D:3:      layout_rooms, led_sif_book, serial_shops,
          nicolae_shop_window_shopping, kennysheep_another_room, uniq_ijyb
D:4:      layout_basic, minivault_27
D:5:      minmay_chambers_of_fours, layout_basic,
          riverfiend_overflow_shadow_ancestor, serial_shops,
          nicolae_shop_waterfront, nicolae_kite_square_tiling_tiny,
          minmay_shop_grid_forest, uniq_sigmund
D:6:      layout_basic, minmay_temple_entry_ruins, uniq_blork_the_orc
D:7:      layout_loops_ring, grunt_temple_overflow_octagram
D:8:      wad_arrow_thing, layout_basic, serial_shops, shop_fountains
D:9:      layout_long_grid
D:10:     layout_rooms, erik_lair_orcish_takeover, uniq_maurice
D:11:     layout_gridville
D:12:     minmay_cornered_nines, layout_long_grid, erik_orc_3, minivault_26,
          serial_park_tiny_1, david_defended_altar_orc
D:13:     layout_roguey, erik_vaults_2, serial_demonic, serial_demonic_c,
          serial_demonic_c, serial_demonic_b, serial_demonic_a,
          blue_anna_alchemist
Lair:1:   layout_regular_city, grunt_megastairs_2
Lair:2:   layout_gridlike, elwin_shoals_entry_rooms, uniq_amaemon, uniq_fannar,
          uniq_maggie
Shoals:1: layout_shoals, serial_shops, shop, nicolae_lakefront_shop, shop, shop

Skill      XL: |  1  2  3  4  5  6  7  8  9 10 11 12 13 |
---------------+----------------------------------------+-----
Axes           | 4 5 6 8 9 11 13 15 17 19 | 19.1
Fighting       | 4 5 6 8 9 11 13 | 13.9
Armour         | 3 4 5 6 8 10 12 14 | 14.9
Dodging        | 3 4 |  4.9
Stealth        | 1 2 |  2.7

Action                   |  1- 3 |  4- 6 |  7- 9 | 10-12 | 13-15 || total
-------------------------+-------+-------+-------+-------+-------++-------
Melee: Hand axe          |    65 |   115 |   209 |   131 |       ||   520
       Headbutt          |    14 |    17 |    26 |    63 |    24 ||   144
       Punch             |       |       |     2 |     1 |       ||     3
       Executioner's axe |       |       |       |   266 |   102 ||   368
Invok: Berserk           |       |     2 |     1 |     5 |     2 ||    10
       Brothers in Arms  |       |       |       |     1 |       ||     1
  Use: Scroll            |       |     8 |       |     8 |     7 ||    23
       Potion            |       |     3 |     5 |     5 |       ||    13
Armor: Scale mail        |    23 |    40 |    30 |       |       ||    93
       Animal skin       |     1 |       |       |       |       ||     1
       Plate armour      |       |       |    78 |   317 |    72 ||   467
Dodge: Dodged            |    54 |    70 |    81 |   210 |    53 ||   468

Table legend: (Time is in decaauts)
 A = Elapsed time spent in this place.
 B = Non-inter-level travel time spent in this place.
 C = Inter-level travel time spent in this place.
 D = Time resting spent in this place.
 E = Time spent auto-exploring this place.
 F = Levels seen in this place.
 G = Mean time per level.
                   A        B        C        D        E       F      G
               +--------+--------+--------+--------+--------+-----+--------+
         Total |  18719 |  17187 |   1532 |   3738 |  10469 |  16 | 1169.9 |
       Dungeon |  15156 |  13761 |   1395 |   2845 |   8487 |  13 | 1165.8 |
          Lair |   2780 |   2667 |    113 |    708 |   1570 |   2 | 1390.0 |
        Shoals |    782 |    759 |     23 |    185 |    412 |   1 |  782.0 |
               +--------+--------+--------+--------+--------+-----+--------+

Top non-repeatable levels by time:
  Lair:2: 1828 daAuts
     D:7: 1642 daAuts
     D:8: 1553 daAuts
    D:13: 1347 daAuts
    D:12: 1262 daAuts
    D:10: 1257 daAuts
     D:5: 1256 daAuts
     D:9: 1138 daAuts
    D:11: 1067 daAuts
     D:3: 1022 daAuts
     D:4: 960 daAuts
  Lair:1: 951 daAuts
     D:2: 932 daAuts
     D:6: 925 daAuts
     D:1: 789 daAuts
